 Dungeon Crawl Stone Soup version 0.29-a0-22-gbf593b16ee (webtiles) character file.

Game seed: 976927654181136241

93 Orangeyouglad the Sneak (level 4, -1/24 HPs)
             Began as a Vampire Enchanter on Jan 29, 2022.
             Killed by divine providence
             ... invoked by an orc priest
              (10 damage)
             ... on level 3 of the Dungeon.
             The game lasted 00:05:31 (2481 turns).

Orangeyouglad the Sneak (Vampire Enchanter)         Turns: 2481, Time: 00:05:32

Health: -1/24      AC:  2    Str:  9    XL:     4   Next: 36%
Magic:  0/7        EV: 13    Int: 17    God:
Gold:   65         SH:  0    Dex: 14    Spells: 5/8 levels left

rFire   . . .      SeeInvis +   j - +0 rapier
rCold   + + .      Faith    .   (no shield)
rNeg    + + +      Spirit   +   b - +0 robe
rPois   ∞          Reflect  .   (no helmet)
rElec   .          Harm     .   (no cloak)
rCorr   .          Rampage  .   (no gloves)
Will    .....                   (no boots)
Stlth   +++++.....              f - amulet of guardian spirit
HPRegen 0.00/turn               (no ring)
MPRegen 0.10/turn               (no ring)

@: bloodless, inhibited regen
A: bloodless, fangs 3, see invisible, vampiric 2
a: Bat Form, Revivify


You were on level 3 of the Dungeon.
You visited 1 branch of the dungeon, and saw 3 of its levels.

You collected 65 gold pieces.

Inventory:

Hand Weapons
 a - a +1 dagger
 j - a +0 rapier (weapon)
Missiles
 d - 6 boomerangs (quivered)
Armour
 b - a +0 robe (worn)
Jewellery
 f - an amulet of guardian spirit (around neck)
Scrolls
 i - a scroll of fog {unknown}
Potions
 c - 2 potions of invisibility
 e - a potion of berserk rage {unknown}
 g - a potion of ambrosia {unknown}
 h - a potion of mutation {unknown}


   Skills:
 + Level 2.2 Short Blades
 + Level 2.9 Dodging
 + Level 5.3 Stealth
 + Level 2.5 Spellcasting
 + Level 5.2 Hexes


You had 5 spell levels left.
You knew the following spells:

 Your Spells              Type           Power      Damage    Failure   Level
a - Confusing Touch       Hex            20%        N/A       6%          3

Your spell library contained the following spells:

 Spells                   Type           Power      Damage    Failure   Level
 Tukima's Dance           Hex            20%        N/A       6%          3
 Ensorcelled Hibernation  Hex/Ice        22%        N/A       10%         2
 Dazzling Flash           Conj/Hex       22%        N/A       19%         3


Dungeon Overview and Level Annotations

Branches:
Dungeon (3/15)

Altars:

Shops:
D:2 (

Annotations:
D:3 1 runed translucent door, issech's ghost, amateur TrMo


Innate Abilities, Weirdness & Mutations

You do not regenerate when monsters are visible.
You are frail without blood (-20% HP).
You can heal yourself when you bite living creatures.
You are immune to poison.
You have razor-sharp teeth.
You have supernaturally acute eyesight. (SInv)
You are afflicted with vampirism and can become a bat while bloodless.


Message History

Throw: 6 boomerangs
Press: ? - help, Q - select action Shift-Dir - straight line, f/p - endoplasm
Aim: an endoplasm (moderately wounded, 85% to hit)
You throw a boomerang. The boomerang hits the endoplasm.
The endoplasm is almost dead.
The endoplasm hits you but does no damage.
The endoplasm barely misses you.
You hit the endoplasm.
You kill the endoplasm!
Magic restored.
You hear the slow rusting of a very distant drain.
You hear the rusting of a very distant drain.
You hear the rusting of a very distant drain.
You hear the brisk rusting of a very distant drain.
HP restored.
The helpless worm fails to defend itself.
You puncture the worm!
The worm is severely wounded.
The worm bites you.
You hit the worm. You bite the worm.
You kill the worm!
You now have 65 gold pieces (gained 7).
Okay, then.
Found a brown potion.
Found 14 stones.
Found a runed translucent door.
Issech's ghost turns its malevolent gaze towards you.
You hear the brisk rusting of a drain nearby.
Issech's ghost screams, "I'll kill anyone who wants the ORB!"
An orc comes into view. It is wielding a +1 mace of protection.
The orc shouts!
You hear a shout! 2 orcs and an orc priest come into view.
Found a ring mail.
The orc priest shouts!
The orc shouts!
The orc priest invokes the aid of Beogh against you.
Beogh smites you!
The orc hits you with a +1 mace of protection.
The orc priest mumbles some strange prayers to Beogh against you.
Beogh smites you!
You die...

............##.
.#...........).
..####.###....# ...#
#..# ...# ........# ..##
........# #.. ##
...###...###.##.#.
..##⌠##...##.##..# #
.##...##...#.##.@# .#
##..?..##..#.###o###.#
#⌠..♣..W+..#.# ##...##
##..!..##..#.# ##o#.#
.##...##...#.#####...###
..##⌠##.............o..#
...###...############o##
#.......## .# ##.....##
.#


You could see an orc priest and 3 orcs.

Vanquished Creatures
  4 adders
  3 worms
  A dart slug (D:1)
  2 ball pythons
  8 endoplasms
  3 giant cockroaches (D:1)
  A goblin (D:2)
  3 hobgoblins
  2 jackals (D:2)
  2 quokkas (D:1)
  6 bats
  2 frilled lizards
  4 kobolds
  3 rats
44 creatures vanquished.

Notes
Turn   | Place    | Note
-------+----------+-------------------------------------------
     0 | D:1      | Orangeyouglad the Vampire Enchanter began the quest for the
                  | Orb.
     0 | D:1      | Reached XP level 1. HP: 13/13 MP: 3/3
   222 | D:1      | Reached XP level 2. HP: 13/19 MP: 5/5
   907 | D:2      | Gained mutation: You are afflicted with vampirism and can
                  | become a bat while bloodless. [Vampire growth]
   907 | D:2      | Reached XP level 3. HP: 24/24 MP: 6/6
   914 | D:2      | Learned a level 3 spell: Confusing Touch
  1005 | D:2      | Reached skill level 5 in Stealth
  1084 | D:2      | Found Eppemo's Antique Weapon Shoppe.
  1344 | D:2      | Reached skill level 5 in Hexes
  1785 | D:2      | Found a faded altar of an unknown god.
  1842 | D:2      | Reached XP level 4. HP: 24/24 MP: 7/7
  2454 | D:3      | Noticed issech's ghost (amateur TrMo)
  2457 | D:3      | Found a runed translucent door.
  2481 | D:3      | Killed from afar by an orc priest

Illustrated notes

Levels and vault maps discovered:
D:1:      lemuel_arrival_broad_hall, layout_basic, minmay_pentomino_o2
D:2:      layout_loops_corners, serial_shops, nicolae_shop_crystal,
          shapermc_ecumenical_altar_notcrosses
D:3:      layout_loops_ring, hellmonk_ghost_happy_afterlife,
          lightli_sewer_entry_pipes, kennysheep_potato

Skill      XL: |  1  2  3 |
---------------+----------+-----
Stealth        | 5 |  5.3
Short Blades   | 2 |  2.2
Hexes          | 5 |  5.2
Dodging        | |  2.9
Spellcasting   | |  2.5

Action                   |  1- 3 |  4- 6 || total
-------------------------+-------+-------++-------
Melee: Dagger            |   141 |     2 ||   143
       Bite              |    16 |     1 ||    17
       Punch             |     3 |       ||     3
       Rapier            |       |    21 ||    21
Throw: Boomerang         |    45 |     5 ||    50
 Cast: Confusing Touch   |     1 |       ||     1
 Abil: Exsanguinate      |     1 |       ||     1
 Stab: Sleeping          |     8 |     1 ||     9
       Confused          |     1 |       ||     1
Armor: Robe              |    35 |     4 ||    39
Dodge: Dodged            |    91 |    17 ||   108

Table legend: (Time is in decaauts)
 A = Elapsed time spent in this place.
 B = Non-inter-level travel time spent in this place.
 C = Inter-level travel time spent in this place.
 D = Time resting spent in this place.
 E = Time spent auto-exploring this place.
 F = Levels seen in this place.
 G = Mean time per level.
                   A        B        C        D        E       F      G
               +--------+--------+--------+--------+--------+-----+--------+
         Total |   2486 |   2425 |     61 |     51 |   1767 |   3 |  828.7 |
       Dungeon |   2486 |   2425 |     61 |     51 |   1767 |   3 |  828.7 |
               +--------+--------+--------+--------+--------+-----+--------+

Top non-repeatable levels by time:
     D:2: 1237 daAuts
     D:1: 826 daAuts
     D:3: 422 daAuts
